 Dungeon Crawl Stone Soup version 0.32-a0-35-gd9ff480968 (webtiles) character file.

Game seed: 12961105285976208284

81 Adrian566 the Chopper (level 4, 0/60 HPs)
             Began as a Hill Orc Fighter on Jan 22, 2024.
             Slain by a gnoll
             ... wielding a +0 spear
              (3 damage)
             ... on level 2 of the Dungeon.
             The game lasted 00:01:09 (833 turns).

Adrian566 the Chopper (Hill Orc Fighter)             Turns: 833, Time: 00:01:09

Health: 0/60       AC:  7    Str: 20    XL:     4   Next: 40%
Magic:  4/4        EV:  8    Int:  8    God:
Gold:   33         SH:  8    Dex: 10    Spells: 3/3 levels left

rFire   . . .        a - +0 war axe
rCold   . . .        g - +0 kite shield
rNeg    . . .        b - +0 scale mail
rPois   .            (no helmet)
rElec   .            (no cloak)
rCorr   .            (no gloves)
SInv    .            (no boots)
Will    .....        (no amulet) Stlth
                     (no ring)
HPRegen 0.30/turn    (no ring)
MPRegen 0.09/turn

%: no passive effects
@: mighty, brilliant, berserking, very quick
A: no striking features
a: no special abilities


You were on level 2 of the Dungeon.
You visited 1 branch of the dungeon, and saw 2 of its levels.

You collected 33 gold pieces.

Inventory:

Hand Weapons
 a - a +0 war axe (weapon)
Armour
 b - a +0 scale mail (worn)
 g - a +0 kite shield (worn)
Jewellery
 m - an amulet of magic regeneration
Scrolls
 e - a scroll of butterflies {unknown}
 f - a scroll of teleportation {unknown}
 h - a scroll of identify {unknown}
 i - a scroll of poison {unknown}
 n - a scroll of revelation {unknown}
Potions
 d - 2 potions of might
 j - a potion of brilliance
 l - a potion of resistance {unknown}


   Skills:
 + Level 4.0 Fighting
 * Level 4.6 Axes
 + Level 3.7 Armour
 + Level 0.2 Dodging
 + Level 3.7 Shields


You had 3 spell levels left.
You didn't know any spells.
Your spell library was empty.

Dungeon Overview and Level Annotations

Branches:
Dungeon (2/15)

Altars:


Message History

Robin roars a battlecry!
You block the gnoll's attack.
You slash the gnoll!
You kill the gnoll!
A goblin comes into view. It is wielding a +0 dagger.
You miss Robin. Robin hits you with a +0 club. You block the gnoll's attack.
Robin says, "My army is invincible!"
Robin closely misses you.
You closely miss Robin. You block the gnoll's attack. You block Robin's attack.
The gnoll closely misses you.
You closely miss Robin. You block Robin's attack. The gnoll closely misses you.
You closely miss Robin. Robin hits you but does no damage.
The gnoll hits you from afar with a +0 halberd.
A goblin comes into view. It is wielding a +0 club.
Robin says, "My army is invincible!"
Robin hits you with a +0 club. The gnoll completely misses you.
You closely miss Robin. You block Robin's attack. You block the gnoll's attack.
You completely miss Robin. Robin hits you but does no damage.
The gnoll barely misses you.
You slash Robin!
You kill Robin!
The gnoll hits you from afar with a +0 halberd.
You block the gnoll's attack. You block the gnoll's attack.
Items here: $ ))) = [[ †††.
You hit the gnoll.
The gnoll is moderately wounded.
The goblin no longer looks unusually strong.
The gnoll hits you from afar with a +0 spear.
The gnoll hits you with a +0 halberd!
* * * LOW HITPOINT WARNING * * *
Unknown command.
It was a potion of brilliance.
You feel clever all of a sudden. You block the gnoll's attack. x2
It was a potion of berserk rage.
A red film seems to cover your vision as you go berserk!
You feel yourself moving faster!
You feel mighty!
The gnoll hits you from afar with a +0 spear.
You die...

###### #....# #.##.#
#.##.# ### #.##.#
###########.#######.##.#
.....gg@..............>#
##.##g#####...#####.##.#
#...####†.........#.#
#........#.########.#
#...####.#.# #.# # #.#.#
#.# #.#.# #.# #...# #.#
##### #.#


You could see 2 gnolls and a goblin.

Vanquished Creatures
  Robin (D:2)
  2 gnolls (D:2)
  3 dart slugs
  5 ball pythons
  3 bats
  3 endoplasms
  A giant cockroach (D:1)
  11 goblins
  4 hobgoblins
  A quokka (D:2)
  A frilled lizard (D:1)
  4 kobolds
  2 rats (D:2)
41 creatures vanquished.

Notes
Turn   | Place    | Note
-------+----------+-------------------------------------------
     0 | D:1      | Adrian566 the Hill Orc Fighter began the quest for the Orb.
     0 | D:1      | Reached XP level 1. HP: 19/19 MP: 1/1
    98 | D:1      | Reached XP level 2. HP: 12/27 MP: 2/2
   183 | D:1      | Found a faded altar of an unknown god.
   329 | D:1      | Reached XP level 3. HP: 33/33 MP: 3/3
   815 | D:2      | Reached XP level 4. HP: 28/40 MP: 4/4
   817 | D:2      | Noticed Robin
   829 | D:2      | Killed Robin
   831 | D:2      | HP: 1/40 [gnoll/+0 halberd (14)]
   833 | D:2      | Slain by a gnoll

Illustrated notes

Levels and vault maps discovered:
D:1:      dpeg_arrival_rhombus, layout_rooms, chequers_ecumenical_altar_twisty,
          supply_closet_lemuel, chequers_serial_rivers_large_b
D:2:      layout_basic, nicolae_houndstooth_variations, uniq_robin

Skill      XL: |  1  2  3 |
---------------+----------+-----
Axes           | 3 4 |  4.6
Fighting       | 4 |  4.0
Armour         | |  3.7
Dodging        | |  0.2
Shields        | |  3.7

Action                     |  1- 3 |  4- 6 || total
---------------------------+-------+-------++-------
  Melee: War axe           |    81 |    11 ||    92
    Use: Potion            |     1 |     2 ||     3
 Armour: Scale mail        |    50 |    14 ||    64
  Dodge: Dodged            |    34 |     6 ||    40
  Block: Kite shield       |    40 |    12 ||    52

Table legend: (Time is in decaauts)
 A = Elapsed time spent in this place.
 B = Non-inter-level travel time spent in this place.
 C = Inter-level travel time spent in this place.
 D = Time resting spent in this place.
 E = Time spent auto-exploring this place.
 F = Levels seen in this place.
 G = Mean time per level.
                   A        B        C        D        E       F      G
               +--------+--------+--------+--------+--------+-----+--------+
         Total |    904 |    889 |     15 |      0 |    625 |   2 |  452.0 |
       Dungeon |    904 |    889 |     15 |      0 |    625 |   2 |  452.0 |
               +--------+--------+--------+--------+--------+-----+--------+

Top non-repeatable levels by time:
     D:1: 653 daAuts
     D:2: 250 daAuts
